 Dungeon Crawl Stone Soup version 0.30-a0-304-gdc4b735fe1 (webtiles) character file.

Game seed: 8874104473175088296

101 Iusername the Changer (level 4, -8/54 HPs)
             Began as a Minotaur Wanderer on Oct 20, 2022.
             Mangled by an ogre
             ... wielding a +0 giant club
              (12 damage)
             ... on level 3 of the Dungeon.
             The game lasted 00:02:37 (2126 turns).

Iusername the Changer (Minotaur Wanderer)           Turns: 2126, Time: 00:02:37

Health: -8/54      AC: 22    Str: 15 (16) XL:     4   Next: 48%
Magic:  5/5        EV:  2    Int:  6 (7)  God:
Gold:   133        SH:  4    Dex: 14      Spells: 4/5 levels left

rFire   . . .      SeeInvis .    a - +0 falchion
rCold   . . .      Faith    .    b - +0 buckler
rNeg    . . .      Spirit   .    (body armour currently unavailable)
rPois   +          Reflect  .    (helmet currently unavailable)
rElec   .          Harm     .    (cloak currently unavailable)
rCorr   .          Rampage  .    (gloves currently unavailable)
Will    .....      Rage     3%   (boots currently unavailable)
Stlth   +......... NoTele   +    (no amulet)
HPRegen 0.29/turn                (no ring)
MPRegen 0.09/turn                (no ring)

@: tree-form, invisible
A: stationary, stasis, torment immunity, boosted hp, (horns 2), (retaliatory
headbutt), (iridescent scales 1), berserk 1, deterioration 1
a: no special abilities


You were on level 3 of the Dungeon.
You were a tree.
You visited 1 branch of the dungeon, and saw 3 of its levels.

You collected 133 gold pieces.

Inventory:

Hand Weapons
 a - a +0 falchion (weapon)
Missiles
 i - 5 javelins (quivered)
Armour
 b - a +0 buckler (worn)
 l - a +0 scale mail (melded)
Wands
 m - a wand of roots (6)
Scrolls
 c - a scroll of blinking
 g - a scroll of teleportation {unknown}
 h - a scroll of acquirement {unknown}
 j - a scroll of magic mapping {unknown}
 n - a scroll of enchant armour {unknown}
 o - a scroll of identify {unknown}
Potions
 d - a potion of degeneration {unknown}
 e - a potion of flight {unknown}
 f - a potion of invisibility


   Skills:
 + Level 2.1 Fighting
 + Level 2.3 Long Blades
 + Level 3.2 Armour
 + Level 2.4 Shields
 + Level 1.4 Spellcasting
 + Level 3.6 Transmutations


You had 4 spell levels left.
You knew the following spells:

 Your Spells              Type           Power      Damage    Failure   Level
a - Sting                 Tmut/Pois      8%         1d3       26%         1

Your spell library contained the following spells:

 Spells                   Type           Power      Damage    Failure   Level
 Wereblood                Tmut           4%         N/A       21%         2
 Ignite Poison            Fire/Tmut/Pois 1%         N/A       71%         3
 Kindle Blastsparks       Fire/Tloc/Air  0%         2d10      86%         3
 Fulminant Prism          Conj/Hex       0%         3d6       99%         4
 Iskenderun's Mystic Bla  Conj/Tloc      0%         2d3       99%         4
 Lee's Rapid Deconstruct  Erth           0%         3d4*      100%        5


Dungeon Overview and Level Annotations

Branches:
Dungeon (3/15)

Altars:
Qazlal


Innate Abilities, Weirdness & Mutations

You are a tree.
Your roots penetrate the ground, keeping you stationary.
You cannot be teleported.
You are immune to unholy pain and torment.
Your maximum health is greatly increased.
Your equipment is partially melded.
((You have a pair of horns on your head.))
((You reflexively headbutt those who attack you in melee.))
((You are partially covered in iridescent scales. (AC +2)))
You sometimes lose your temper in combat.
Your body sometimes deteriorates upon taking damage.


Message History

No target in view!
No target in view!
Found a stormy altar of Qazlal.
You see here a bat corpse.
You enter the shallow water.
Moving in this stuff is going to be slow.
You now have 133 gold pieces (gained 11).
An ogre comes into view. It is wielding a +0 giant club.
The ogre shouts!
Really quaff the potion of lignification?
You turn into a tree.
Your +0 scale mail melds into your body.
Your roots penetrate the ground.
The ogre hits you with a +0 giant club!
Your body deteriorates!
You feel weakened.
You barely miss the ogre. You hit the ogre but do no damage.
The ogre hits you with a +0 giant club!
Your body deteriorates!
You feel dopey.
You hit the ogre.
The ogre is lightly wounded.
The ogre hits you with a +0 giant club.
You hit the ogre.
The ogre is moderately wounded.
The ogre completely misses you.
You closely miss the ogre.
The ogre is moderately wounded.
The ogre hits you with a +0 giant club!
You hit the ogre.
The ogre is moderately wounded.
The ogre hits you with a +0 giant club!
* * * LOW HITPOINT WARNING * * *
You barely miss the ogre.
The ogre is moderately wounded.
You barely miss the ogre.
The ogre is moderately wounded.
The ogre hits you with a +0 giant club!
* * * LOW HITPOINT WARNING * * *
It was a potion of invisibility.
You fade into invisibility!
The ogre hits you with a +0 giant club!
You die...

#.. #.# # #.# . #####.##
# #......### #
#.......$######### ####
#..##..# ##......# #...
#.....O#.##......###.##
#...##♣#.##...†.......#
##........##......##....
#.......####......##...#
#.##.##.# #...........#
#.##....####......#.....
#.#.......######.##.#..#
#......§..## #...###..
###..~§....## ####.#.##
#.§~_§§...## #..#


You could see an ogre (unable to see you).

Vanquished Creatures
  Robin (D:2)
  2 adders (D:2)
  A worm (D:2)
  2 dart slugs
  3 ball pythons
  8 bats
  7 endoplasms
  14 goblins
  7 hobgoblins
  A kobold (D:2)
  A quokka (D:1)
  6 frilled lizards
  8 rats
61 creatures vanquished.

Notes
Turn   | Place    | Note
-------+----------+-------------------------------------------
     0 | D:1      | Iusername the Minotaur Wanderer began the quest for the
                  | Orb.
     0 | D:1      | Iusername set off with the following items: a +0 falchion,
                  | a +0 buckler, a scroll of blinking, a +0 leather armour;
                  | and the following spell memorised: Sting; and the following
                  | spells available to memorise: Wereblood, Ignite Poison.
     0 | D:1      | Reached XP level 1. HP: 16/16 MP: 1/1
   132 | D:1      | Reached XP level 2. HP: 22/23 MP: 2/2
   650 | D:2      | Reached XP level 3. HP: 29/29 MP: 3/3
  1412 | D:2      | Noticed Robin
  1417 | D:2      | Gained mutation: You are partially covered in iridescent
                  | scales. (AC +2) [potion of mutation]
  1417 | D:2      | Gained mutation: Your body sometimes deteriorates upon
                  | taking damage. [potion of mutation]
  1417 | D:2      | Gained mutation: You sometimes lose your temper in combat.
                  | [potion of mutation]
  1421 | D:2      | Reached XP level 4. HP: 36/36 MP: 4/4
  1429 | D:2      | Killed Robin
  2094 | D:3      | Found a stormy altar of Qazlal.
  2114 | D:3      | Noticed an ogre
  2126 | D:3      | Mangled by an ogre

Illustrated notes

Levels and vault maps discovered:
D:1:      psy_arrival_fountain, layout_rooms
D:2:      cheibrodos_helix_gallery, layout_loops_corners, uniq_robin
D:3:      layout_loops_cross, nicolae_qazlal_scattered_showers,
          minmay_divided_ellipse, uniq_sigmund, uniq_crazy_yiuf_cottage

Skill      XL: |  1  2  3 |
---------------+----------+-----
Armour         | 3 |  3.2
Fighting       | 2 |  2.1
Long Blades    | 2 |  2.3
Shields        | 2 |  2.4
Spellcasting   | |  1.4
Transmutations | |  3.6

Action                   |  1- 3 |  4- 6 || total
-------------------------+-------+-------++-------
Melee: Falchion          |    92 |    38 ||   130
       Headbutt          |     9 |     1 ||    10
Throw: Javelin           |    18 |       ||    18
  Use: Potion            |     3 |     2 ||     5
 Stab: Sleeping          |     2 |       ||     2
Armor: Leather armour    |    37 |       ||    37
       Skin              |     2 |    23 ||    25
       Scale mail        |       |     3 ||     3
Dodge: Dodged            |    55 |     5 ||    60
Block: Buckler           |    24 |    11 ||    35

Table legend: (Time is in decaauts)
 A = Elapsed time spent in this place.
 B = Non-inter-level travel time spent in this place.
 C = Inter-level travel time spent in this place.
 D = Time resting spent in this place.
 E = Time spent auto-exploring this place.
 F = Levels seen in this place.
 G = Mean time per level.
                   A        B        C        D        E       F      G
               +--------+--------+--------+--------+--------+-----+--------+
         Total |   2170 |   2058 |    112 |    375 |   1300 |   3 |  723.3 |
       Dungeon |   2170 |   2058 |    112 |    375 |   1300 |   3 |  723.3 |
               +--------+--------+--------+--------+--------+-----+--------+

Top non-repeatable levels by time:
     D:2: 1456 daAuts
     D:1: 581 daAuts
     D:3: 132 daAuts
